 Dungeon Sprint DCSS version 0.22-a0-348-gd16d139 (webtiles) character file.

5720 emperorscorpion the Imperceptible (level 10, 80/80 HPs)
             Began as a Vampire Assassin on Apr 8, 2018.
             Was the Champion of Dithmenos.
             Quit the game in the Dungeon (Sprint IX: "|||||||||||||||||||||||||||||").
             The game lasted 00:04:36 (1206 turns).

emperorscorpion the Imperceptible (VpAs)            Turns: 1206, Time: 00:04:37

Health: 80/80      AC: 14    Str: 10    XL:     10   Next: 48%
Magic:  11/11      EV: 15    Int: 17    God:    Dithmenos [******]
Gold:   22         SH:  0    Dex: 19    Spells: 9/9 levels left

rFire    . . .     SeeInvis +   a - +2 rapier (venom)
rCold    + . .     Gourm    .   (no shield)
rNeg     + + .     Faith    .   y - +4 ring mail {rPois}
rPois    +         Spirit   .   s - +0 helmet
rElec    .         Reflect  .   d - +0 cloak
rCorr    .         Harm     .   F - +0 pair of gloves
MR       +....     NoTele   +   t - +0 pair of boots
Stlth    ++++++++++             (no amulet)
HPRegen  0.11/turn              w - +2 ring of evasion
MPRegen  0.12/turn              v - +3 ring of intelligence

@: regenerating slowly, wreathed by umbra
A: fangs 3, see invisible, unbreathing
a: Bat Form, Shadow Step, Shadow Form, Renounce Religion


You were in the Dungeon.
You worshipped Dithmenos.
Dithmenos was exalted by your worship.
You were thirsty.

You visited 1 branch You collected 22 gold pieces.

Inventory:

Hand Weapons
 a - a +2 rapier of venom (weapon)
 b - a +0 blowgun
 r - a +2 dagger
Missiles
 e - 8 poisoned needles
 f - 2 curare-tipped needles
Armour
 c - a +0 robe
 d - a +0 cloak (worn)
 s - a +0 helmet (worn)
 t - a +0 pair of boots (worn)
 u - a +0 plate armour of fire resistance
 y - a +4 ring mail of poison resistance (worn)
 D - a +0 pair of boots
 E - a +0 helmet
 F - a +0 pair of gloves (worn)
Magical Staves
 q - an uncursed staff of energy
Jewellery
 v - a +3 ring of intelligence (right hand)
 w - a +2 ring of evasion (left hand)
Wands
 p - a wand of iceblast (7)
Scrolls
 m - 2 scrolls of blinking
 n - 3 scrolls of remove curse
 o - 2 scrolls of amnesia
 z - a scroll of fear
 A - 3 scrolls of identify
 B - 4 scrolls of enchant armour
 C - a scroll of holy word
Potions
 g - 10 potions of blood
 h - 6 potions of curing
 i - 8 potions of heal wounds
 j - a potion of haste
 k - 4 potions of magic
 l - a potion of agility
 x - a potion of mutation


   Skills:
 + Level 8.1 Fighting
 + Level 13.3 Short Blades
 + Level 4.8 Throwing
 * Level 4.7 Armour
 + Level 4.8 Dodging
 + Level 24.4 Stealth
 + Level 2.3 Evocations


You had 9 spell levels left.
You didn't know any spells.

Dungeon Overview and Level Annotations

Branches:
Dungeon (1/1)

Altars:
Cheibriados
Dithmenos
Elyvilon
Fedhas
Gozag
Hepliaklqana
Kikubaaqudgha
Makhleb
Nemelex Xobeh
Okawaru
Qazlal
Ru
Sif Muna
Trog
Uskayaw
Vehumet
Wu Jian
Xom
Yredelemnul
Zin
The Shining One
Beogh
Jiyva
Lugonu


Innate Abilities, Weirdness & Mutations

You heal slowly.
You have razor-sharp teeth.
You have supernaturally acute eyesight. (SInv)
You can survive without breathing.


Message History

An orc priest comes into view. It is wielding a dagger.
The orc shouts! x2; The orc wizard shouts!
The orc closely misses you.
The orc wizard mumbles some strange words.
The orc wizard flickers and vanishes for a moment.
The orc shouts!
You hear a shout! x2
Found 50 gold pieces.
Things that are here:
a halberd; a chain mail; 50 gold pieces The orc knight shouts!
You puncture the orc!
You kill the orc!
Dithmenos accepts your kill.
The orc wizard gestures wildly while chanting.
The orc wizard seems to speed up.
The orc knight roars a battlecry!
The orcs go into a battle-frenzy!
Evoke which item? (* to show all) (? for menu, Esc to quit)
Okay, then.
Are you sure you want to abandon this character and quit the game? (Confirm with "yes".)

▓_▓.▓÷▓.▓
▓_▓.▓'▓.▓o▓
▓_▓.▓.▓.▓o▓
▓_▓.▓.▓.▓o▓
▓_▓.▓÷▓.▓o▓
▓_▓.▓.▓.▓o▓
▓'▓.▓.▓.▓o▓
▓.▓.▓.▓.▓)▓
▓.▓.▓.▓.▓@▓
▓.▓.▓.▓.▓'▓
▓†▓.▓.▓.▓.▓
▓)▓.▓.▓.▓.▓
▓'▓.▓.▓.▓.▓
▓.▓.▓.▓.▓.▓
▓.▓.▓.▓.▓.▓
▓.▓.▓'▓.▓.▓
▓.▓.▓.▓.▓.▓


You could see an orc knight, an orc warrior, an orc priest, an orc wizard
(invisible) and 2 orcs.

Vanquished Creatures
  A two-headed ogre (D)
  A skeletal warrior (D)
  An unseen horror (D)
  A black mamba (D)
  A gargoyle (D)
  3 polar bears (D)
  A blink frog (D)
  A hippogriff (D)
  2 yaks (D)
  3 porcupines (D)
  3 water moccasins (D)
  An orc warrior (D)
  An ice beast (D)
  5 black bears (D)
  A phantom (D)
  2 ogres (D)
  A wolf (D)
  A crocodile (D)
  6 bullfrogs (D)
  A wight (D)
  A crimson imp (D)
  A worker ant (D)
  An adder (D)
  3 leopard geckos (D)
  2 orcs (D)
  A hobgoblin (D)
  A jackal (D)
  A frilled lizard (D)
  A kobold (D)
49 creatures vanquished.

Vanquished Creatures (others)
  An ice beast (D)
1 creature vanquished.

Grand Total: 50 creatures vanquished

Notes
Turn   | Place    | Note
-------+----------+-------------------------------------------
     0 | D        | emperorscorpion the Vampire Assassin began the quest for the Orb.
     0 | D        | Reached XP level 1. HP: 16/16 MP: 1/1
     5 | D        | Reached skill level 6 in Stealth
    13 | D        | Reached skill level 7 in Stealth
   202 | D        | Noticed a worker ant
   202 | D        | Noticed an ogre
   204 | D        | Reached XP level 2. HP: 22/22 MP: 2/2
   206 | D        | Reached skill level 8 in Stealth
   211 | D        | Killed an ogre
   211 | D        | Reached skill level 11 in Stealth
   211 | D        | Reached XP level 3. HP: 12/29 MP: 3/3
   211 | D        | Reached XP level 4. HP: 15/35 MP: 4/4
   216 | D        | Reached skill level 12 in Stealth
   221 | D        | Found a roughly hewn altar of Beogh.
   221 | D        | Found a snail-covered altar of Cheibriados.
   221 | D        | Found a shadowy altar of Dithmenos.
   221 | D        | Found a white marble altar of Elyvilon.
   221 | D        | Found a blossoming altar of Fedhas.
   221 | D        | Found an opulent altar of Gozag.
   222 | D        | Found a hazy altar of Hepliaklqana.
   223 | D        | Found a viscous altar of Jiyva.
   224 | D        | Found an ancient bone altar of Kikubaaqudgha.
   225 | D        | Found a corrupted altar of Lugonu.
   226 | D        | Found a burning altar of Makhleb.
   227 | D        | Found a sparkling altar of Nemelex Xobeh.
   232 | D        | Became a worshipper of Dithmenos the Shadowed
   235 | D        | Found an iron altar of Okawaru.
   236 | D        | Found a stormy altar of Qazlal.
   237 | D        | Found a sacrificial altar of Ru.
   238 | D        | Found a deep blue altar of Sif Muna.
   239 | D        | Found a bloodstained altar of Trog.
   240 | D        | Found a hide-covered altar of Uskayaw.
   241 | D        | Found a radiant altar of Vehumet.
   242 | D        | Found an ornate altar of the Wu Jian Council.
   243 | D        | Found a shimmering altar of Xom.
   244 | D        | Found a basalt altar of Yredelemnul.
   245 | D        | Found a glowing silver altar of Zin.
   246 | D        | Found a glowing golden altar of the Shining One.
   429 | D        | Noticed a water moccasin
   429 | D        | Noticed a gargoyle
   429 | D        | Noticed an ice beast
   429 | D        | Noticed an ogre
   431 | D        | Killed an ogre
   431 | D        | Reached skill level 5 in Short Blades
   431 | D        | Reached skill level 14 in Stealth
   431 | D        | Reached XP level 5. HP: 42/42 MP: 5/5
   446 | D        | Killed an ice beast
   446 | D        | Reached skill level 15 in Stealth
   446 | D        | Reached XP level 6. HP: 36/48 MP: 6/6
   452 | D        | HP: 2/48 [gargoyle/flail (3)]
   457 | D        | Killed a gargoyle
   457 | D        | Reached * piety under Dithmenos
   457 | D        | Reached skill level 5 in Fighting
   457 | D        | Reached skill level 17 in Stealth
   457 | D        | Reached XP level 7. HP: 27/56 MP: 7/7
   460 | D        | Reached skill level 18 in Stealth
   460 | D        | Reached skill level 1 in Evocations
   476 | D        | Noticed a two-headed ogre
   476 | D        | Noticed an unseen horror
   476 | D        | Noticed a skeletal warrior
   478 | D        | Killed a skeletal warrior
   478 | D        | Reached ** piety under Dithmenos
   478 | D        | Reached skill level 20 in Stealth
   478 | D        | Reached XP level 8. HP: 35/64 MP: 7/9
   482 | D        | Killed an unseen horror
   482 | D        | Reached skill level 10 in Short Blades
   482 | D        | Reached skill level 21 in Stealth
   484 | D        | Reached XP level 9. HP: 40/71 MP: 7/10
   486 | D        | Killed a two-headed ogre
   486 | D        | Reached *** piety under Dithmenos
   486 | D        | Reached skill level 22 in Stealth
   615 | D        | Noticed a black mamba
   617 | D        | Killed a black mamba
   617 | D        | Reached skill level 1 in Armour
   617 | D        | Reached skill level 23 in Stealth
   643 | D        | Reached **** piety under Dithmenos
   672 | D        | Reached ***** piety under Dithmenos
   923 | D        | Reached XP level 10. HP: 79/79 MP: 11/11
   951 | D        | Reached ****** piety under Dithmenos
   951 | D        | Reached skill level 24 in Stealth
  1202 | D        | Noticed an orc knight
  1206 | D        | Quit the game

Vault maps used:
D:        linesprint

Skill      XL: |  1  2  3  4  5  6  7  8  9 10 |
---------------+-------------------------------+-----
Stealth        | 7 11 14 15 17 20 21 23 24 | 24.4
Fighting       | 2 3 4 5 6 7 8 |  8.1
Short Blades   | 4 5 6 8 9 10 12 13 | 13.3
Throwing       | 2 3 4 |  4.8
Dodging        | 2 3 4 |  4.8
Evocations     | 1 2 |  2.3
Armour         | 3 4 |  4.7

Action                   |  1- 3 |  4- 6 |  7- 9 | 10-12 || total
-------------------------+-------+-------+-------+-------++-------
Melee: Dagger            |    18 |     4 |       |       ||    22
       Bite              |     2 |     2 |    11 |    11 ||    26
       Rapier            |       |     9 |    57 |    79 ||   145
Evoke: Wand              |       |     3 |       |       ||     3
  Use: Potion            |     1 |     2 |       |       ||     3
 Stab: Sleeping          |     2 |     1 |     8 |     6 ||    17
       Invisible         |       |     1 |     1 |       ||     2
Armor: Robe              |       |     1 |       |       ||     1
       Ring mail         |       |       |     5 |    21 ||    26
Dodge: Dodged            |     4 |     8 |    26 |    49 ||    87

Table legend:
 A = Spawn XP
 B = Non-spawn XP
 C = Spawn XP percentage of total XP
 D = Spawn monster count
 E = Non-spawn monster count
 F = Spawn count percentage of total count
 G = Total turns spent on level
                    A         B        C        D         E        F      G
               +---------+---------+-------+---------+---------+-------+---------
         Total |       0 |    8172 |   0.0 |       0 |      50 |   0.0 |  1206
               +---------+---------+-------+---------+---------+-------+---------
             D |       0 |    8172 |   0.0 |       0 |      50 |   0.0 |  1206
               +---------+---------+-------+---------+---------+-------+---------
